 Dungeon Crawl Stone Soup version 0.31-a0-180-g519b7de00c (webtiles) character file.

Game seed: 9861585257384206263

159 sanka the Chiller (level 5, -4/35 HPs)
             Began as a Barachi Ice Elementalist on June 19, 2023.
             Slain by a phantom (7 damage)
             ... on level 3 of the Dungeon.
             The game lasted 00:06:48 (3149 turns).

sanka the Chiller (Barachi Ice Elementalist)        Turns: 3149, Time: 00:06:48

Health: -4/35      AC:  3    Str: 15    XL:     5   Next: 40%
Magic:  8/9        EV: 12    Int: 18    God:
Gold:   78         SH:  0    Dex: 12    Spells: 3/10 levels left

rFire   . . .        n - +0 morningstar
rCold   . . .        (no shield)
rNeg    . . .        a - +0 robe
rPois   .            (no helmet)
rElec   .            (no cloak)
rCorr   .            (no gloves)
SInv    +            h - +0 pair of boots
Will    .....        (no amulet)
Stlth   ++           l - +6 ring of strength
HPRegen 0.25/turn    c - ring of see invisible
MPRegen 0.11/turn

%: no passive effects
@: brilliant, freezing walls, slow
A: amphibious, slowness 1, strong legs 1, +LOS
a: Hop


You were on level 3 of the Dungeon.
You visited 1 branch of the dungeon, and saw 4 of its levels.

You collected 78 gold pieces.


Innate Abilities, Weirdness & Mutations

You are amphibious.
You cover ground slowly.
You can hop short distances.
You have an extended range of vision and can be seen from far away.


   Skills:
 - Level 2.1 Dodging
 - Level 1.7 Stealth
 - Level 3.0 Spellcasting
 + Level 7.4 Ice Magic


You had 3 spell levels left.
You knew the following spells:

 Your Spells              Type           Power      Damage    Failure   Level
a - Ozocubu's Armour      Ice            44%        N/A       2%          3
y - Frozen Ramparts       Ice            88%        1d14      2%          3
z - Freeze                Ice            100%       1d10      1%          1

Your spell library contained the following spells:

 Spells                   Type           Power      Damage    Failure   Level
 Summon Ice Beast         Ice/Summ       24%        N/A       34%         4

Inventory:

Hand Weapons
 n - a +0 morningstar (weapon)
Armour
 a - a +0 robe (worn)
 h - a +0 pair of boots (worn)
Jewellery
 c - a ring of see invisible (right hand)
 l - a +6 ring of strength (left hand)
Scrolls
 e - 3 scrolls of revelation {unknown}
 f - 3 scrolls of vulnerability {unknown}
 g - a scroll of enchant armour {unknown}
 j - 2 scrolls of poison {unknown}
 k - a scroll of amnesia {unknown}
 m - a scroll of fear {unknown}

Dungeon Overview and Level Annotations

Branches:
Dungeon (4/15)
 Temple: D:4-7

Altars:

Shops:
D:2

[ ▒▒....▒ ▒▒▒▒▒.▒▒▒▒
.........▒ ▒▒▒▒▒.▒▒.▒
....▒.▒▒.▒ .▒▒.▒.▒▒.▒
....▒.▒▒.▒
..▒▒▒.▒▒.▒▒▒▒▒▒▒▒▒▒▒▒▒▒▒▒▒▒
...............WF##......>▒
......▒▒.▒▒▒▒▒▒▒▒▒▒▒▒▒▒▒▒.▒
▒.▒▒▒▒▒▒.▒ ▒.▒ ▒.▒ ▒.▒ ▒.▒
▒.▒ ▒.▒ ▒[▒ ▒.▒ ▒.▒ ▒.▒ ▒.▒
▒.▒ ▒.▒ ▒.▒▒▒▒▒▒.▒ ▒.▒
.........▒ ▒.▒


You could see a phantom.


Message History

Bad channel name 'Jiyva says' for runrest: 'Jiyva says: Divide and consume' Options error: Missing colour in message_colour setting: 'or press \? or \* to list all spells\.' Options error: Missing colour in message_colour setting: 'Shift-Dir - straight line' Options error: Missing colour in message_colour setting: 'f - you' Welcome back, sanka the Barachi Ice Elementalist.
Unknown command.
You aren't carrying any items that you can evoke.
It was a potion of brilliance.
You feel clever all of a sudden.
The phantom hits you but does no damage.
Magic courses through your body. The phantom closely misses you.
You miss the phantom.
The phantom is lightly damaged.
You are ready to hop once more.
The phantom barely misses you.
You closely miss the phantom.
The phantom is lightly damaged.
The phantom closely misses you. The phantom hits you.
* * * LOW HITPOINT WARNING * * *
The phantom blinks!
You blink.
Your icy armour cracks and falls away as you move.
Press: ? - help, Dir - look around, f - activate The walls around you are covered in ice.
The phantom completely resists.
The wall freezes the phantom but does no damage.
The phantom hits you!
You die...

Action                     |  1- 3 |  4- 6 || total
---------------------------+-------+-------++-------
  Melee: Unarmed           |     7 |     5 ||    12
         Morningstar       |       |    11 ||    11
   Cast: Freeze            |    59 |    39 ||    98
         Frozen Ramparts   |       |     3 ||     3
         Ozocubu's Armour  |       |     4 ||     4
Ability: Hop               |       |     1 ||     1
    Use: Potion            |       |     4 ||     4
 Armour: Robe              |     6 |    10 ||    16
  Dodge: Dodged            |    36 |    58 ||    94

Levels and vault maps discovered:
D:1:      scummos_arrival_simple_fountains, layout_basic
D:2:      layout_loops_ring, serial_shops, shop
D:3:      layout_basic
D:4:      layout_basic, serial_bayou, serial_bayou_pond_b, serial_bayou_ford_a,
          serial_bayou_pond_a, serial_bayou_shore_a

Notes
Turn   | Place    | Note
-------+----------+-------------------------------------------
     0 | D:1      | sanka the Barachi Ice Elementalist began the quest for the
                  | Orb.
     0 | D:1      | Reached XP level 1. HP: 13/13 MP: 3/3
   114 | D:1      | Reached skill level 5 in Ice Magic
   322 | D:1      | Reached XP level 2. HP: 19/19 MP: 1/5
   803 | D:1      | Reached XP level 3. HP: 24/24 MP: 4/7
   943 | D:2      | Reached skill level 3 in Spellcasting
  1256 | D:2      | Learned a level 3 spell: Frozen Ramparts
  1260 | D:2      | Learned a level 3 spell: Ozocubu's Armour
  1398 | D:2      | Found Aponu's Armour Shoppe.
  1490 | D:2      | Reached skill level 6 in Ice Magic
  1636 | D:2      | Reached XP level 4. HP: 30/30 MP: 6/8
  2912 | D:4      | Noticed a phantom
  2986 | D:4      | Reached skill level 7 in Ice Magic
  2986 | D:4      | Reached XP level 5. HP: 31/35 MP: 2/9
  3098 | D:4      | Noticed a phantom
  3121 | D:4      | HP: 3/35 [phantom (1)]
  3134 | D:4      | HP: 2/35 [phantom (4)]
  3148 | D:3      | HP: 3/35 [phantom (4)]
  3149 | D:3      | Slain by a phantom

Vanquished Creatures
  An orc priest (D:4)
  5 adders
  12 orcs
  9 endoplasms
  4 giant cockroaches
  6 goblins
  4 hobgoblins
  4 quokkas
  4 ball pythons
  7 bats
  2 frilled lizards
  7 kobolds
  4 rats
69 creatures vanquished.
